 Dungeon Crawl Stone Soup version 0.25.1-2-g60ff931df9 (webtiles) character file.

Game seed: 10571990912591901085

197 pokeman the Magician (level 5, -8/29 HPs)
             Began as a Deep Elf Wizard on Oct 29, 2020.
             Mangled by Grinder (9 damage)
             ... while paralysed by Grinder
             ... on level 3 of the Dungeon.
             The game lasted 00:06:43 (3013 turns).

pokeman the Magician (Deep Elf Wizard)              Turns: 3013, Time: 00:06:44

Health: -8/29      AC:  3    Str:  4    XL:     5   Next: 46%
Magic:  5/15       EV:  2    Int: 24    God:
Gold:   165        SH:  0    Dex: 13    Spells: 5/16 levels left

rFire    . . .     SeeInvis +   k - +1 dagger (drain)
rCold    . . .     Gourm    .   (no shield)
rNeg     . . .     Faith    .   h - +0 leather armour
rPois    .         Spirit   .   b - +0 hat
rElec    .         Reflect  .   (no cloak)
rCorr    .         Harm     .   (no gloves)
MR       .....                  (no boots)
Stlth    ++........             (no amulet)
HPRegen  0.09/turn              m - ring of see invisible
MPRegen  0.14/turn              (no ring)

@: paralysed, very slightly contaminated
A: no striking features
a: no special abilities


You were on level 3 of the Dungeon.
You were not hungry.

You visited 1 branch of the dungeon, and saw 3 of its levels.

You collected 165 gold pieces.

Inventory:

Hand Weapons
 k - a +1 dagger of draining (weapon)
Missiles
 l - 44 bolts
 u - 3 curare-tipped darts (quivered)
Armour
 b - a +0 hat (worn)
 h - a +0 leather armour (worn)
Magical Staves
 q - an uncursed staff of earth
Jewellery
 m - a ring of see invisible (left hand)
Scrolls
 a - a scroll of noise {unknown}
 c - 4 scrolls of identify {unknown}
 f - a scroll of enchant armour {unknown}
 g - a scroll of magic mapping {unknown}
 i - a scroll of immolation {unknown}
 n - 4 scrolls of remove curse {unknown}
 r - a scroll of teleportation {unknown}
Potions
 e - a potion of brilliance {unknown}
 j - a potion of heal wounds {unknown}
 o - a potion of mutation {unknown}
 p - a potion of ambrosia {unknown}
 s - 2 potions of cancellation {unknown}
Comestibles
 d - 8 rations


   Skills:
 - Level 1.0 Fighting
 - Level 1.1 Armour
 - Level 3.0 Dodging
 + Level 2.4 Stealth
 * Level 6.2 Spellcasting
 * Level 3.2 Conjurations
 - Level 1.1 Summonings
 - Level 1.1 Translocations
 - Level 1.3 Fire Magic
 + Level 0.0 Air Magic


You had 5 spell levels left.
You knew the following spells:

 Your Spells              Type           Power        Failure   Level  Hunger
a - Magic Dart            Conj           ###.         3%          1    None
b - Mephitic Cloud        Conj/Pois/Air  ##......     26%         3    #......
c - Call Imp              Summ           ##......     13%         2    None
d - Blink                 Tloc           N/A          13%         2    None
e - Conjure Flame         Conj/Fire      ###.....     16%         3    #......

Your spell library contained the following spells:

 Spells                   Type           Power        Failure   Level  Hunger
 Slow                     Hex            #.......     21%         2    None


Dungeon Overview and Level Annotations

Branches:
Dungeon (3/15)

Altars:
Ru

Annotations:
D:3 Grinder


Message History

Grinder is heavily wounded.
Grinder drinks a potion.
Grinder is healed!
Casting: Magic Dart (safe; 3% risk of failure)
Confirm with . or Enter, or press ? or * to list all spells.
You miscast Blink.
You are very lightly contaminated with residual magic.
Nothing appears to happen.
Grinder says, "Wait up."
Grinder hits you.
You writhe in agony.
Casting: Blink (safe; 13% risk of failure)
Confirm with . or Enter, or press ? or * to list all spells.
You blink.
Unknown command.
Grinder gestures at you. Pain shoots through your body!
* * * LOW HITPOINT WARNING * * *
Grinder gestures at you.
You suddenly lose the ability to move!
Grinder hits you!
You die...

..........#
..........############
).......(............#
.....................#
.....................#
########
.....................#
#......#
..........#..........#
#......#
######)####.....5....###
#......# ###.#
#.....@......###....... #...##
#..........#.........#.
#....########.#########......_
#.5...# #.# #.....#. #.<.#.#
#.# #....... #.....## #.#
#(...... #......# #.# #.......
##.#..># #.# ###..##.#
#...รท.# ####.# #...###.#


You could see Grinder.

Vanquished Creatures
  A sky beast (D:3)
  An orc wizard (D:2)
  3 adders
  An ooze (D:3)
  A worm (D:2)
  4 leopard geckos
  3 orcs (D:2)
  5 bats
  3 giant cockroaches
  3 hobgoblins
  6 kobolds
  2 ball pythons (D:3)
  2 frilled lizards
  4 goblins
  8 rats
47 creatures vanquished.

Notes
Turn   | Place    | Note
-------+----------+-------------------------------------------
     0 | D:1      | pokeman the Deep Elf Wizard began the quest for the Orb.
     0 | D:1      | Reached XP level 1. HP: 10/10 MP: 7/7
   331 | D:1      | Reached XP level 2. HP: 16/16 MP: 4/9
   723 | D:1      | Reached skill level 5 in Spellcasting
  1058 | D:2      | Reached XP level 3. HP: 15/20 MP: 5/11
  1063 | D:2      | Learned a level 3 spell: Mephitic Cloud
  1066 | D:2      | Learned a level 2 spell: Call Imp
  1069 | D:2      | Learned a level 2 spell: Blink
  1073 | D:2      | Learned a level 3 spell: Conjure Flame
  1351 | D:2      | Reached skill level 1 in Fighting
  1351 | D:2      | Reached skill level 1 in Armour
  1577 | D:2      | Reached XP level 4. HP: 25/25 MP: 10/13
  2283 | D:3      | Found a sacrificial altar of Ru.
  2432 | D:3      | Noticed Grinder
  2741 | D:3      | Noticed a sky beast
  2759 | D:3      | Killed a sky beast
  2759 | D:3      | Reached skill level 6 in Spellcasting
  2759 | D:3      | Reached skill level 1 in Fire Magic
  2759 | D:3      | Reached XP level 5. HP: 12/29 MP: 1/15
  3007 | D:3      | HP: 1/29 [Grinder/nerve-wracking pain (11)]
  3008 | D:3      | Paralysed by Grinder for 6 turns
  3013 | D:3      | Mangled by Grinder

Illustrated notes

Levels and vault maps discovered:
D:1:      nzn_arrival_water_spiral, layout_loops_ring
D:2:      layout_loops_ring
D:3:      layout_rooms, lemuel_crystal_altar, uniq_grinder

Skill      XL: |  1  2  3  4 |
---------------+-------------+-----
Spellcasting   | 5 6 |  6.2
Fighting       | 1 |  1.0
Armour         | 1 |  1.1
Conjurations   | 2 3 |  3.2
Dodging        | 3 |  3.0
Fire Magic     | 1 |  1.3
Stealth        | |  2.4
Summonings     | |  1.1
Translocations | |  1.1

Action                   |  1- 3 |  4- 6 || total
-------------------------+-------+-------++-------
Melee: Dagger            |    15 |    15 ||    30
 Cast: Magic Dart        |    63 |    51 ||   114
       Mephitic Cloud    |     1 |     2 ||     3
       Call Imp          |       |     2 ||     2
       Blink             |       |     1 ||     1
 Stab: Confused          |       |     2 ||     2
  Eat: Chunk             |     2 |     4 ||     6
Armor: Leather armour    |     2 |     3 ||     5
Dodge: Dodged            |    18 |    10 ||    28
